 Dungeon Crawl Stone Soup version 0.29-a0-1018-g6b6670bd90 (webtiles) character file.

Game seed: 15671223154529976426

14393 sasdad the Nimble (level 11, -10/91 HPs)
             Began as a Demigod Arcane Marksman on Aug 10, 2022.
             Hit by a silver javelin thrown by a minotaur (18 damage)
             ... in a Gauntlet on Aug 11, 2022.
             The game lasted 02:22:40 (20647 turns).

sasdad the Nimble (Demigod Arcane Marksman)        Turns: 20647, Time: 02:22:41

Health: -10/91     AC:  9    Str: 10    XL:     11   Next: 58%
Magic:  9/20       EV: 24    Int: 14    God:
Gold:   264        SH:  0    Dex: 33    Spells: 5/18 levels left

rFire   . . .      SeeInvis .   R - +0 arbalest
rCold   . . .      Faith    .   (shield currently unavailable)
rNeg    + . .      Spirit   .   K - +2 robe {Archmagi}
rPois   +          Reflect  .   (no helmet)
rElec   .          Harm     .   G - +2 ratskin cloak {*Rats rPois rN+ Str-1 Int-1 Dex+1}
rCorr   .          Rampage  .   E - +1 pair of gloves {Stlth+}
Will    +....      Archmagi +   (no boots)
Stlth   +++....... NoTele   +   w - amulet of the acrobat
HPRegen 0.25/turn               C - ring of wizardry
MPRegen 0.17/turn               o - +6 ring of dexterity

@: no status effects
A: high MP 1, forlorn, divine attributes
a: no special abilities


You were in a Gauntlet.
You visited 1 branch of the dungeon, and saw 11 of its levels.
You also visited: Bailey and Gauntlet.

You collected 624 gold pieces.
You spent 360 gold pieces at shops.

Inventory:

Hand Weapons
 r - a +6 short sword of freezing
 J - a +0 scimitar of flaming
 R - a +0 arbalest (weapon)
Missiles
 M - 3 throwing nets
Armour
 u - a +0 robe of willpower
 E - a +1 pair of gloves of stealth (worn)
 G - the +2 ratskin cloak (worn) {*Rats rPois rN+ Str-1 Int-1 Dex+1}
   (You found it on level 7 of the Dungeon)

   When the wearer is hurt, rats may emerge from it to assist them.
   Str:       It affects your strength (-1).
   Int:       It affects your intelligence (-1).
   Dex:       It affects your dexterity (+1).
   rPois:     It protects you from poison.
   rN:        It protects you from negative energy.
 K - a +2 robe of the Archmagi (worn)
 T - the +0 pair of boots of Nunaxkis {rPois rN+ rCorr Dex-4}
   (You found it in a Gauntlet)

   Dex:       It affects your dexterity (-4).
   rPois:     It protects you from poison.
   rN:        It protects you from negative energy.
   rCorr:     It protects you from acid and corrosion.
Jewellery
 o - a +6 ring of dexterity (right hand)
 w - an amulet of the acrobat (around neck)
 B - a ring of wizardry
 C - a ring of wizardry (left hand)
Wands
 z - a wand of paralysis (28)
 A - a wand of flame (60)
 I - a wand of iceblast (8)
 N - a wand of polymorph (2)
Scrolls
 b - 2 scrolls of poison
 c - 2 scrolls of butterflies {unknown}
 d - 5 scrolls of teleportation
 e - a scroll of magic mapping {unknown}
 g - 2 scrolls of enchant armour {unknown}
 h - 2 scrolls of fear
 i - a scroll of torment {unknown}
 l - a scroll of amnesia {unknown}
 v - a scroll of vulnerability {unknown}
 y - a scroll of summoning
 D - a scroll of silence {unknown}
 H - a scroll of brand weapon {unknown}
 O - a scroll of acquirement {unknown}
 P - a scroll of enchant weapon {unknown}
 Q - a scroll of immolation {unknown}
Potions
 a - 4 potions of lignification
 f - 3 potions of curing
 j - 2 potions of cancellation
 m - 6 potions of magic
 n - a potion of might
 p - 3 potions of brilliance
 q - 2 potions of mutation {unknown}
 s - 2 potions of flight
 t - a potion of invisibility {unknown}
 F - 2 potions of haste
 L - a potion of ambrosia {unknown}
 S - a potion of resistance {unknown}
Miscellaneous
 x - a phial of floods


   Skills:
 + Level 6.5 Fighting
 * Level 6.5 Long Blades
 - Level 8.0 Ranged Weapons
 - Level 3.4 Armour
 * Level 9.6 Dodging
 - Level 4.0 Spellcasting
 - Level 6.5 Hexes
 - Level 4.0 Translocations


You had 5 spell levels left.
You knew the following spells:

 Your Spells              Type           Power      Damage    Failure   Level
a - Slow                  Hex            100%       N/A       1%          1
b - Portal Projectile     Hex/Tloc       52%        N/A       2%          3
c - Gell's Gravitas       Tloc           21%        N/A       4%          3
d - Cause Fear            Hex            15%        N/A       5%          4
e - Blink                 Tloc           42%        N/A       2%          2

Your spell library contained the following spells:

 Spells                   Type           Power      Damage    Failure   Level
 Lesser Beckoning         Tloc           21%        N/A       4%          3
 Teleport Other           Tloc           21%        N/A       4%          3
 Inner Flame              Hex/Fire       17%        N/A       6%          3
 Summon Guardian Golem    Hex/Summ       17%        N/A       6%          3
 Magic Dart               Conj           16%        1d3       8%          1
 Summon Small Mammal      Summ           16%        N/A       8%          1
 Call Imp                 Summ           4%         N/A       12%         2
 Sublimation of Blood     Necr           4%         N/A       12%         2
 Call Canine Familiar     Summ           4%         N/A       22%         3
 Mephitic Cloud           Conj/Pois/Air  4%         N/A       22%         3
 Stone Arrow              Conj/Erth      8%         3d7       22%         3
 Manifold Assault         Tloc           21%        N/A       38%         5
 Animate Armour           Summ/Erth      8%         N/A       56%         4
 Petrify                  Tmut/Erth      4%         N/A       56%         4
 Irradiate                Conj/Tmut      2%         3d12      88%         5
 Dispersal                Tloc           10%        N/A       89%         6
 Lehudib's Crystal Spear  Conj/Erth      2%         10d2      100%        8


Dungeon Overview and Level Annotations

Branches:
Dungeon (11/15)            Temple (0/1) D:6             Orc (0/2) D:9
 Bailey (visited)         Gauntlet (1/1)
   Lair: D:8-11

Shops:
D:9 (!*=

Portals:
Trove: D:10 (give quarterstaff of Subterfuge)

Annotations:
D:8 Gastronok
D:10 2 transporters, Riddle's ghost, journeyman TrFi Gauntlet 16 runed translucent doors, 10 transporters, exclusion: ice statue


Innate Abilities, Weirdness & Mutations

You have an increased reservoir of magic. (+10% MP)
You shall have no god before yourself.
Your divine heritage dramatically boosts your attributes as you level up.


Message History

You feel much better.
Your hornet simulacrum barely misses the minotaur.
The minotaur furiously retaliates!
The minotaur headbutts your hornet simulacrum!
Your hornet simulacrum vaporises!
The minotaur barely misses you. The minotaur gores you!
As you read the scroll of fear, it crumbles to dust.
You assume a fearsome visage.
The minotaur resists with some effort.
The minotaur hits you with a +5 quarterstaff!
* * * LOW HITPOINT WARNING * * *
The minotaur gores you!
* * * LOW HITPOINT WARNING * * *
Casting: Portal Projectile (mildly dangerous; 2% risk of failure)
Confirm with . or Enter, or press ? or * to list all spells.
You feel a surge of power!
You blink.
Aiming: Slow (safe; 1% risk of failure)
Press: ? - help, Q - select action, (/) - cycle Shift-Dir - straight line, f/p - minotaur
Aim: a minotaur, wielding a +5 quarterstaff, wearing a +0 plate armour, wearing a ring of flight and quivering silver javelins (translocational energy, heavily wounded, chance to affect: 6%)
You feel a surge of power!
The minotaur resists with almost no effort.
Aiming: Slow (safe; 1% risk of failure)
Press: ? - help, Q - select action, (/) - cycle Shift-Dir - straight line, f/p - minotaur
Aim: a minotaur, wielding a +5 quarterstaff, wearing a +0 plate armour, wearing a ring of flight and quivering silver javelins (heavily wounded, chance to affect: 6%)
Okay, then.
Your +0 scimitar of flaming stops flaming.
R - a +0 arbalest (weapon)
Fire: R) +0 arbalest
Press: ? - help, Q - select action, (/) - cycle Shift-Dir - straight line, f/p - minotaur
Aim: a minotaur, wielding a +5 quarterstaff, wearing a +0 plate armour, wearing a ring of flight and quivering silver javelins (heavily wounded, 84% to hit)
You magically shoot a bolt.
The bolt hits the minotaur but does no damage.
The minotaur is heavily wounded.
You are no longer teleporting projectiles to their destination.
You feel stable enough to blink again.
The minotaur throws a silver javelin.
The silver javelin pierces through your iron imp.
Your iron imp dies!
Your iron imp dissolves into shadows!
The silver javelin pierces through you!!
You die...

###### ##.##.# #.
#.....### ..
#.##.##∩# .#
##.##.##.##.
#......#.#..
#.##.###.#.#
#.##.###'#.##.###
#.........@.....#
###.##.##.##.##.#
###.##.##.##.#
#....5........ .
##.##.##H##.##.#
###.##○##.##.##.###
#§...............≈#
##
#8§8.8.8.8.8.8.8.8#
## #8#
#≈...............§#
#8


You could see a minotaur.

Vanquished Creatures
  4 two-headed ogres
  Erica (D:8)
  Pikel (D:4)
  4 elephants (Gauntlet)
  A torpor snail (Gauntlet)
  A gargoyle (Bailey)
  A kobold demonologist (D:10)
  4 slime creatures
  3 shadows (Gauntlet)
  Sigmund (D:2)
  A vampire (Bailey)
  3 wyverns
  A steam dragon (D:8)
  4 wargs
  4 acid dragons
  A water moccasin (D:7)
  Duvessa (D:6)
  2 orc warriors
  An ice beast (D:7)
  2 sky beasts (D:7)
  A black bear (D:6)
  2 ogres
  3 centaurs
  3 lemures (D:4)
  5 kobold brigands
  4 bullfrogs
  A necrophage (D:5)
  2 scorpions
  3 wights (D:8)
  Dowan (D:6)
  8 killer bees
  An electric eel (D:8)
  7 vampire bats (Bailey)
  7 howler monkeys
  9 wolf zombies (Bailey)
  The ghost of kuniqs the Conjurer, a weakling DECj (D:3)
  2 gnoll boudas
  A hound (D:5)
  4 jellies
  6 orc priests
  5 iguanas
  8 orc wizards
  Natasha (thrice) (D:2)
  Terence (D:2)
  6 hell rats (D:7)
  4 adders
  6 gnolls
  14 river rats (D:7)
  A white imp (D:8)
  An ufetubus (D:3)
  3 dart slugs
  20 orcs
  10 bats
  3 endoplasms
  5 giant cockroaches
  5 goblins
  8 hobgoblins
  6 jackals (D:1)
  41 kobolds
  A quokka (D:4)
  5 ball pythons
  2 frilled lizards
  18 orc zombies (Bailey)
  8 rats
296 creatures vanquished.

Vanquished Creatures (collateral kills)
  Urug (D:10)
  A troll (D:9)
  A slime creature (Gauntlet)
  A wraith (D:10)
  A jelly (Gauntlet)
5 creatures vanquished.

Vanquished Creatures (others)
  14 demonic plants (Gauntlet)
  A plant (Gauntlet)
15 creatures vanquished.

Grand Total: 316 creatures vanquished

Notes
Turn   | Place    | Note
-------+----------+-------------------------------------------
     0 | D:1      | sasdad the Demigod Arcane Marksman began the quest for the
                  | Orb.
     0 | D:1      | Reached XP level 1. HP: 15/15 MP: 4/4
    83 | D:1      | Reached skill level 1 in Fighting
   113 | D:1      | Reached skill level 2 in Dodging
   337 | D:1      | Reached XP level 2. HP: 17/23 MP: 3/5
  1144 | D:1      | Reached XP level 3. HP: 28/28 MP: 5/7
  1379 | D:2      | Noticed Natasha
  1395 | D:2      | Killed Natasha
  1787 | D:2      | Noticed Terence
  2007 | D:2      | Noticed Natasha
  2024 | D:2      | Killed Natasha
  2025 | D:2      | Reached XP level 4. HP: 16/35 MP: 1/8
  2566 | D:2      | Noticed Sigmund
  2600 | D:2      | Noticed Natasha
  2836 | D:2      | Killed Terence
  2927 | D:2      | Killed Natasha
  3074 | D:2      | Killed Sigmund
  3075 | D:2      | Reached skill level 3 in Dodging
  3075 | D:2      | Reached XP level 5. HP: 29/41 MP: 8/10
  3184 | D:2      | Learned a level 3 spell: Portal Projectile
  3188 | D:2      | Learned a level 3 spell: Gell's Gravitas
  3236 | D:3      | Noticed kuniqs's ghost (weakling DECj)
  3237 | D:3      | Found a transporter.
  3333 | D:2      | Reached XP level 6. HP: 48/48 MP: 11/11
  3486 | D:3      | Found a transporter.
  4989 | D:5      | Entered Level 5 of the Dungeon
  5051 | D:5      | Noticed Pikel
  5459 | D:4      | Killed Pikel
  5460 | D:4      | Reached skill level 4 in Dodging
  5460 | D:4      | Reached XP level 7. HP: 28/56 MP: 13/13
  5788 | D:5      | Reached skill level 5 in Hexes
  5855 | D:5      | Reached skill level 1 in Translocations
  6487 | D:5      | Reached XP level 8. HP: 63/63 MP: 15/15
  6622 | D:5      | Reached skill level 1 in Armour
  7494 | D:3      | Killed kuniqs's ghost
  7495 | D:3      | Reached skill level 5 in Ranged Weapons
  7650 | D:6      | Reached skill level 5 in Dodging
  8294 | D:6      | Identified the +0 leather armour "Zamm" {Int+3}
  8340 | D:6      | Found a staircase to the Ecumenical Temple.
  8503 | D:6      | Noticed Dowan
  8887 | D:6      | Noticed Duvessa
  9385 | D:7      | Found a flagged portal.
  9572 | Bailey   | Entered a bailey
 10176 | Bailey   | Reached XP level 9. HP: 13/71 MP: 14/16
 10720 | Bailey   | Reached skill level 6 in Dodging
 10852 | Bailey   | Noticed a gargoyle
 11084 | Bailey   | Identified the +1 scale mail of Nyf Zudgh {rN++ Int+5}
 11145 | Bailey   | Learned a level 4 spell: Cause Fear
 11176 | Bailey   | Killed a gargoyle
 11338 | Bailey   | Identified the +3 mace "Sarcophage" {flame, Drain rN+++
                  | Str+5 Dex-3}
 13341 | D:7      | Found the +2 ratskin cloak {*Rats rPois rN+ Str-1 Int-1
                  | Dex+1}
 13561 | D:6      | Killed Duvessa
 14100 | D:6      | Killed Dowan
 14618 | D:8      | Noticed Erica
 14761 | D:8      | Reached XP level 10. HP: 56/80 MP: 18/18
 14921 | D:8      | Noticed Gastronok
 14985 | D:7      | Reached skill level 1 in Long Blades
 15124 | D:8      | Paralysed by a centaur for 2 turns
 15233 | D:8      | Reached skill level 7 in Dodging
 15512 | D:8      | Learned a level 2 spell: Blink
 15759 | D:8      | Killed Erica
 16097 | D:9      | Noticed a two-headed ogre
 16141 | D:9      | Killed a two-headed ogre
 16142 | D:9      | Reached skill level 5 in Fighting
 16250 | D:9      | Noticed a two-headed ogre
 16289 | D:9      | Killed a two-headed ogre
 16862 | D:9      | Noticed a fire dragon
 16888 | D:9      | Found a staircase to the Orcish Mines.
 16934 | D:9      | Found Kucsig's Assorted Antiques.
 16934 | D:9      | Found Oliom's Weapon Emporium.
 16967 | D:9      | Found Yhiogg's Jewellery Emporium.
 17025 | D:9      | Reached skill level 8 in Dodging
 17178 | D:9      | Found Ginapp's Distillery.
 17199 | D:9      | Bought a +6 ring of dexterity for 360 gold pieces
 17428 | D:10     | Entered Level 10 of the Dungeon
 17428 | D:10     | Found a portal to a secret trove of treasure.
 17458 | D:10     | Noticed a rust devil
 17462 | D:10     | Noticed a rust devil
 17874 | D:10     | Found a transporter.
 17874 | D:10     | Noticed Riddle's ghost (journeyman TrFi)
 17876 | D:10     | Noticed a centaur warrior
 17877 | D:10     | Found a transporter.
 17891 | D:10     | Noticed a deep elf pyromancer
 17999 | D:9      | Reached XP level 11. HP: 71/88 MP: 20/20
 18427 | D:10     | Noticed Urug
 18771 | D:10     | Noticed a two-headed ogre
 18783 | D:10     | Killed a two-headed ogre
 19037 | D:10     | Killed Urug
 19038 | D:10     | Reached skill level 5 in Long Blades
 19606 | D:11     | Found a gate leading to a gauntlet.
 19606 | D:11     | Noticed a two-headed ogre
 19627 | D:11     | Killed a two-headed ogre
 19628 | D:11     | Reached skill level 9 in Dodging
 19694 | Gauntlet | Entered a Gauntlet
 19694 | Gauntlet | Found a large runed translucent door.
 19694 | Gauntlet | Found a large runed translucent door.
 19694 | Gauntlet | Found a large runed translucent door.
 19694 | Gauntlet | Found a large runed translucent door.
 19694 | Gauntlet | Found a large runed translucent door.
 19694 | Gauntlet | Found a large runed translucent door.
 19694 | Gauntlet | Found a runed translucent door.
 19694 | Gauntlet | Found a transporter.
 19694 | Gauntlet | Found a transporter.
 19694 | Gauntlet | Found a runed translucent door.
 19694 | Gauntlet | Found a large runed translucent door.
 19694 | Gauntlet | Found a large runed translucent door.
 19694 | Gauntlet | Found a large runed translucent door.
 19694 | Gauntlet | Found a large runed translucent door.
 19694 | Gauntlet | Found a large runed translucent door.
 19694 | Gauntlet | Found a large runed translucent door.
 19700 | Gauntlet | Found a transporter.
 19713 | Gauntlet | Found a transporter.
 19728 | Gauntlet | Found a transporter.
 19732 | Gauntlet | Found a transporter.
 19732 | Gauntlet | Found a transporter.
 19756 | Gauntlet | Found a transporter.
 19763 | Gauntlet | Found a transporter.
 19775 | Gauntlet | Found a transporter.
 19784 | Gauntlet | Found a transporter.
 19788 | Gauntlet | Found a large runed translucent door.
 19789 | Gauntlet | Found a large runed translucent door.
 19791 | Gauntlet | Found a runed translucent gate.
 19792 | Gauntlet | Found a runed translucent gate.
 19793 | Gauntlet | Found a transporter.
 19793 | Gauntlet | Found a runed translucent gate.
 19811 | Gauntlet | Found a large runed translucent door.
 19812 | Gauntlet | Found a large runed translucent door.
 19839 | Gauntlet | Found a transporter.
 19853 | Gauntlet | Found a transporter.
 19955 | Gauntlet | Found a transporter.
 19973 | Gauntlet | Found a transporter.
 20478 | Gauntlet | Identified the +0 pair of boots of Nunaxkis {rPois rN+
                  | rCorr Dex-4}
 20624 | Gauntlet | Noticed a minotaur
 20647 | Gauntlet | Hit by a silver javelin thrown by a minotaur

Illustrated notes

Levels and vault maps discovered:
D:1:      lemuel_arrival_cross, layout_loops_ring, bh_walls_and_bars
D:2:      layout_basic, basic_altar, uniq_natasha, uniq_terence, uniq_sigmund
D:3:      layout_rooms, gammafunk_ghost_arena, nicolae_ecumenical_pavilion
D:4:      layout_basic
D:5:      layout_basic, uniq_pikel
D:6:      layout_loops_cross, cheibrodos_ashenzari_chains,
          gammafunk_temple_overflow_wave, minmay_temple_entry_glassed_door,
          uniq_duvessa
D:7:      wander_guarded_unrand_ratskin, layout_loops_ring, enter_bailey_1,
          kennysheep_nondescript
D:8:      layout_gridville, lemuel_round_altar, nicolae_overflow_squiral,
          uniq_gastronok, uniq_erica
D:9:      dragon1_lemuel, layout_rooms, minmay_orc_entry_guard_dogs,
          minmay_shop_grid_forest, minivault_16
D:10:     layout_cave_pools, nicolae_dithmenos_shadow_blocks, enter_trove_0,
          gammafunk_ghost_arena, uniq_urug
D:11:     layout_rooms, david_lair_generic, serial_co_window_serial,
          co_window_paths_a, co_window_paths_a, co_window_paths_b,
          co_window_of_opportunity_a, co_window_paths_a, co_window_corner_a,
          co_window_of_opportunity_b, co_window_cross_2, co_window_broadway_c,
          co_window_2corner, co_window_unsneaky_path_e, co_window_broadway_b,
          co_window_paths_d, glass_columns_c, glass_columns_b, glass_columns_a,
          gauntlet_entry_generic, uniq_sonja
Gauntlet: gammafunk_gauntlet_branching [gammafunk_gauntlet_arena_arrow_garden,
          minmay_gauntlet_arena_make_your_own_arena,
          nicolae_gauntlet_arena_blocks, nicolae_gauntlet_arena_grate_2,
          gammafunk_gauntlet_arena_mazey, nicolae_gauntlet_arena_flowing_pool,
          nicolae_gauntlet_swirl, gammafunk_gauntlet_arena_crates,
          gauntlet_exit_green]

Skill      XL: |  1  2  3  4  5  6  7  8  9 10 11 |
---------------+----------------------------------+-----
Fighting       | 1 2 3 4 5 6 |  6.5
Dodging        | 2 3 4 5 6 8 9 |  9.6
Ranged Weapons | 2 3 4 5 6 7 8 |  8.0
Hexes          | 3 4 5 6 |  6.5
Spellcasting   | 2 3 4 |  4.0
Translocations | 1 3 4 |  4.0
Armour         | 2 3 |  3.4
Long Blades    | 4 6 |  6.5

Action                   |  1- 3 |  4- 6 |  7- 9 | 10-12 || total
-------------------------+-------+-------+-------+-------++-------
Melee: Short sword       |       |       |     5 |   212 ||   217
       Scimitar          |       |       |       |    72 ||    72
       Punch             |       |       |       |     3 ||     3
 Fire: Sling             |   150 |   228 |   788 |    16 ||  1182
       Shortbow          |       |       |       |   171 ||   171
       Arbalest          |       |       |       |    17 ||    17
 Cast: Slow              |    46 |    50 |   126 |    88 ||   310
       Portal Projectile |       |       |     2 |     3 ||     5
       Cause Fear        |       |       |     6 |     7 ||    13
       Blink             |       |       |       |     1 ||     1
Evoke: Wand              |       |     2 |    16 |     8 ||    26
  Use: Potion            |     1 |       |     2 |     3 ||     6
       Scroll            |       |       |     2 |    12 ||    14
 Stab: Sleeping          |       |       |     1 |     1 ||     2
       Distracted        |       |       |       |     1 ||     1
Armor: Robe              |    22 |     2 |       |    37 ||    61
       Ring mail         |       |    14 |    27 |       ||    41
       Leather armour    |       |       |    80 |       ||    80
Dodge: Dodged            |    52 |    49 |   379 |   346 ||   826

Table legend: (Time is in decaauts)
 A = Elapsed time spent in this place.
 B = Non-inter-level travel time spent in this place.
 C = Inter-level travel time spent in this place.
 D = Time resting spent in this place.
 E = Time spent auto-exploring this place.
 F = Levels seen in this place.
 G = Mean time per level.
                   A        B        C        D        E       F      G
               +--------+--------+--------+--------+--------+-----+--------+
         Total |  20993 |  18537 |   2456 |   2508 |  11198 |  13 | 1614.8 |
       Dungeon |  18158 |  15702 |   2456 |   1511 |  10350 |  11 | 1650.7 |
        Bailey |   1868 |   1868 |      0 |    812 |    389 |   1 | 1868.0 |
      Gauntlet |    965 |    965 |      0 |    185 |    459 |   1 |  965.0 |
               +--------+--------+--------+--------+--------+-----+--------+

Top non-repeatable levels by time:
     D:5: 2784 daAuts
     D:7: 2629 daAuts
     D:1: 2026 daAuts
     D:8: 1884 daAuts
  Bailey: 1868 daAuts
     D:9: 1719 daAuts
     D:6: 1705 daAuts
     D:4: 1694 daAuts
    D:10: 1497 daAuts
     D:2: 1336 daAuts
Gauntlet: 965 daAuts
     D:3: 654 daAuts
    D:11: 227 daAuts
